 Dungeon Crawl Stone Soup version 0.20.1-1-g8b1a95d (webtiles) character file.

273 letownia2 the Conjurer (level 6, -1/32 HPs)
             Began as a Gargoyle Wizard on Jan 2, 2018.
             Killed from afar by an orc wizard (7 damage)
             ... with a magic dart
             ... on level 3 of the Dungeon.
             The game lasted 00:07:55 (2916 turns).

letownia2 the Conjurer (Gargoyle Wizard)            Turns: 2916, Time: 00:07:55

Health: -1/32      AC:  7    Str: 11    XL:     6   Next: 24%
Magic:  10/10      EV: 11    Int: 20    God:
Gold:   156        SH:  0    Dex:  8    Spells: 2/11 levels left

rFire    . . .     SeeInvis .   a - +0 dagger (curse)
rCold    . . .     Gourm    .   (no shield)
rNeg     + . .     Faith    .   n - +0 leather armour
rPois    ∞         Spirit   .   b - +0 hat
rElec    +         Reflect  .   (no cloak)
rCorr    .         Harm     .   (no gloves)
MR       .....                  (no boots)
Stlth    +.........             (no amulet)
Regen    0.1/turn               (no ring)
MPRegen  0.2/turn               (no ring)

@: confused
A: negative energy resistance 1, electricity resistance, unbreathing,
petrification resistance, rot immunity, AC +4
a: no special abilities


You were on level 3 of the Dungeon.
You were hungry.

You visited 1 branch of the dungeon, and saw 4 of its levels.

You collected 156 gold pieces.

Inventory:

Hand Weapons
 a - a cursed +0 dagger (weapon)
 p - a cursed -1 dagger
 q - a +0 dagger of electrocution
 r - a +0 hunting sling
 w - the +10 hunting sling of Valour {speed, rF- rC++ Str+5, unknown}
   (You found it on level 4 of the Dungeon)

   Attacks with this weapon are significantly faster.
   It affects your strength (+5).
   It makes you vulnerable to fire.
   It greatly protects you from cold.
Missiles
 j - 5 curare-tipped needles
Armour
 b - a +0 hat (worn)
 e - a +0 robe
 n - a +0 leather armour (worn)
Scrolls
 h - a scroll of enchant weapon {unknown}
 k - 2 scrolls of identify
 m - a scroll of enchant armour {unknown}
 t - a scroll of noise {unknown}
 u - 2 scrolls of remove curse {unknown}
 v - a scroll of amnesia {unknown}
Potions
 f - a potion of cancellation {unknown}
 g - a potion of lignification {unknown}
 i - a potion of mutation {unknown}
 o - a potion of resistance {unknown}
 s - a potion of haste
 x - a potion of flight {unknown}
Books
 c - a book of Minor Magic

   Spells                             Type                      Level
   a - Magic Dart                     Conjuration                  1
   b - Blink                          Translocation                2
   c - Call Imp                       Summoning                    2
   d - Slow                           Hexes                        2
   e - Conjure Flame                  Conjuration/Fire             3
   f - Mephitic Cloud                 Conjuration/Poison/Air       3
Comestibles
 d - 3 bread rations
 l - a meat ration
 z - a chunk of flesh


   Skills:
 + Level 1.5 Short Blades
 - Level 1.5 Dodging
 - Level 2.1 Stealth
 + Level 3.0 Spellcasting
 - Level 4.0 Conjurations
   Level 0.8 Summonings
 + Level 0.8 Translocations
 + Level 1.8 Fire Magic
 + Level 1.9 Air Magic
 - Level 2.3 Poison Magic


You had 2 spell levels left.
You knew the following spells:

 Your Spells              Type           Power        Failure   Level  Hunger
a - Magic Dart            Conj           ###.         3%          1    None
b - Blink                 Tloc           N/A          21%         2    ##.....
c - Conjure Flame         Conj/Fire      ##......     17%         3    ###....
e - Mephitic Cloud        Conj/Pois/Air  ##......     19%         3    ###....


Dungeon Overview and Level Annotations

Branches:
Dungeon (4/15)
 Temple: D:4-7

Altars:
Fedhas

Annotations:
D:3 myopia's ghost, amateur TrMo
D:4 letownia2's ghost, weakling GrWz


Innate Abilities, Weirdness & Mutations

You are resistant to torment.
Your stone body is resilient. (AC +4)
You are immune to poison.
You resist negative energy. (rN+)
You are resistant to electric shocks. (rElec)
You can survive without breathing.
You are immune to petrification.
You are immune to rotting.


Message History

The orc wizard hits you with a dagger.
The jackal bites you but does no damage.
An orc wizard comes into view. It is wielding a dagger.
The jackal bites you but does no damage.
The orc wizard shouts!
The orc wizard gestures at you while chanting.
The puff of flame hits you!
* * * LOW HITPOINT WARNING * * *
The orc wizard casts a spell at you.
You are confused.
The jackal closely misses you.
You barely miss the jackal. The orc wizard casts a spell at you.
You are more confused.
The jackal closely misses you.
You bump into the rock wall.
The jackal closely misses you.
You are feeling hungry.
The orc wizard gestures at you while chanting.
The magic dart hits you!
You die...

......# .. .
###.#o..#.#.......
.....K.>)........
#######.#.#.##...
.g. # ... .....
####.##### .$.....
........# .........
#...##.#
..........##.@o##.#
.......###.##..h.#.#
.........#.#.#
.....###.#osl# ....
#.#o..##### ...
#.#.......# .
#<#...###.#
###.....#.#
#...#.#.#


You could see an orc wizard, an orc, a jackal, a giant cockroach and a frilled
lizard.

Vanquished Creatures
  A scorpion (D:4)
  A hound (D:3)
  3 orc wizards (D:4)
  A worker ant (D:4)
  2 adders (D:3)
  3 gnolls (D:4)
  A dart slug (D:1)
  A leopard gecko (D:4)
  5 orcs (D:4)
  4 bats
  3 goblins
  3 hobgoblins
  A jackal (D:4)
  A quokka (D:4)
  3 frilled lizards
  5 kobolds
  2 leopard gecko skeletons (D:4)
  6 rats
46 creatures vanquished.

Notes
Turn   | Place    | Note
-------+----------+-------------------------------------------
     0 | D:1      | letownia2 the Gargoyle Wizard began the quest for the Orb.
     0 | D:1      | Reached XP level 1. HP: 10/10 MP: 4/4
   202 | D:1      | Reached skill level 2 in Conjurations
   209 | D:1      | Reached XP level 2. HP: 15/15 MP: 1/6
   374 | D:1      | Learned a level 2 spell: Blink
   728 | D:4      | Noticed letownia2's ghost (weakling GrWz)
   773 | D:3      | Reached skill level 3 in Conjurations
   773 | D:3      | Reached XP level 3. HP: 5/19 MP: 0/7
   778 | D:3      | Learned a level 3 spell: Mephitic Cloud
  1040 | D:3      | Reached skill level 4 in Conjurations
  1138 | D:3      | Reached XP level 4. HP: 24/24 MP: 0/8
  1303 | D:3      | Learned a level 3 spell: Conjure Flame
  1430 | D:4      | Reached skill level 1 in Poison Magic
  1654 | D:3      | Reached skill level 1 in Air Magic
  1944 | D:4      | Reached XP level 5. HP: 27/28 MP: 4/9
  2064 | D:4      | Got an iridescent hunting sling
  2085 | D:4      | Found a blossoming altar of Fedhas.
  2145 | D:4      | Reached skill level 1 in Short Blades
  2145 | D:4      | Reached skill level 1 in Fire Magic
  2531 | D:4      | Reached XP level 6. HP: 6/32 MP: 0/10
  2760 | D:4      | Noticed a phantom
  2793 | D:3      | Noticed myopia's ghost (amateur TrMo)
  2916 | D:3      | Killed from afar by an orc wizard

Skill      XL: |  1  2  3  4  5 |
---------------+----------------+-----
Conjurations   | 2 3 4 |  4.0
Poison Magic   | 1 2 |  2.3
Air Magic      | 1 |  1.9
Short Blades   | 1 |  1.5
Fire Magic     | 1 |  1.8
Dodging        | |  1.5
Stealth        | |  2.1
Spellcasting   | |  3.0
Summonings     | |  0.8
Translocations | |  0.8

Action                   |  1- 3 |  4- 6 || total
-------------------------+-------+-------++-------
Melee: Dagger            |    10 |    44 ||    54
 Cast: Magic Dart        |    64 |    81 ||   145
       Mephitic Cloud    |       |     4 ||     4
  Use: Scroll            |       |     1 ||     1
  Eat: Chunk             |       |     6 ||     6
Armor: Robe              |    16 |       ||    16
       Leather armour    |     7 |    51 ||    58
Dodge: Dodged            |    61 |    70 ||   131
